 Dungeon Crawl Stone Soup version 0.29.1-2-gbd0b4ee654 (webtiles) character file.

Game seed: 2048838066783853635

86 Avanven the Cudgeller (level 4, -3/42 HPs)
             Began as a Gargoyle Fighter on Nov 14, 2022.
             Slain by a goblin
             ... wielding a +0 club
             ... led by Robin
              (4 damage)
             ... on level 3 of the Dungeon.
             The game lasted 00:02:05 (1364 turns).

Avanven the Cudgeller (Gargoyle Fighter)            Turns: 1364, Time: 00:02:05

Health: -3/42      AC: 10    Str: 22    XL:     4   Next: 49%
Magic:  4/4        EV:  9    Int:  8    God:
Gold:   140        SH:  4    Dex:  9    Spells: 3/3 levels left

rFire   . . .      SeeInvis .   a - +0 flail (spect)
rCold   + + .      Faith    .   c - +0 buckler
rNeg    + . .      Spirit   .   b - +0 scale mail
rPois   ∞          Reflect  .   (no helmet)
rElec   +          Harm     .   (no cloak)
rCorr   .          Rampage  .   (no gloves)
Will    .....                   (no boots)
Stlth   ..........              (no amulet)
HPRegen 0.14/turn               e - ring of protection from cold
MPRegen 0.09/turn               g - ring of protection from cold

@: mighty, berserking (expiring), very quick
A: sickness immunity, AC +3, negative energy resistance 1, electricity
resistance, torment resistance 1, petrification resistance
a: no special abilities


You were on level 3 of the Dungeon.
You visited 1 branch of the dungeon, and saw 3 of its levels.

You collected 140 gold pieces.

Inventory:

Hand Weapons
 a - a +0 spectral flail (weapon)
Armour
 b - a +0 scale mail (worn)
 c - a +0 buckler (worn)
Jewellery
 e - a ring of protection from cold (left hand)
 g - a ring of protection from cold (right hand)
Scrolls
 h - a scroll of brand weapon
 k - 2 scrolls of fog {unknown}
 l - a scroll of enchant armour {unknown}
 n - 6 scrolls of identify {unknown}
 o - a scroll of torment {unknown}
 p - a scroll of magic mapping {unknown}
 s - a scroll of immolation {unknown}
 u - a scroll of amnesia {unknown}
Potions
 f - a potion of berserk rage
 i - 2 potions of heal wounds {unknown}
 j - 2 potions of lignification {unknown}
 m - 2 potions of brilliance {unknown}
 q - 2 potions of mutation {unknown}
 r - a potion of resistance {unknown}
 t - a potion of cancellation {unknown}


   Skills:
 - Level 3.2 Fighting
 * Level 4.6 Maces & Flails
 - Level 3.2 Armour
 - Level 3.2 Shields


You had 3 spell levels left.
You didn't know any spells.
Your spell library contained the following spells:

 Spells                   Type           Power      Damage    Failure   Level
 Ignite Poison            Fire/Tmut/Pois 0%         N/A       99%         3
 Mephitic Cloud           Conj/Pois/Air  0%         N/A       99%         3
 Freezing Cloud           Conj/Ice/Air   0%         6-21      100%        5


Dungeon Overview and Level Annotations

Branches:
Dungeon (3/15)

Altars:

Shops:
D:3 *


Innate Abilities, Weirdness & Mutations

You are immune to sickness and miasma.
Your stone body is resilient. (AC +3)
You are immune to poison.
You resist negative energy. (rN+)
You are resistant to electric shocks. (rElec)
You are resistant to unholy torment.
You are immune to petrification.


Message History

It is a scroll of brand weapon.
Your +0 flail acquires a faint afterimage.
a - a +0 spectral flail (weapon)
The goblin hits you with a +0 club.
* * * LOW HITPOINT WARNING * * *
The goblin misses you. The goblin hits you but does no damage.
You block the orc's attack. The goblin barely misses you.
It was a potion of berserk rage.
A red film seems to cover your vision as you go berserk!
You feel yourself moving faster!
You feel mighty!
The goblin hits you but does no damage. x2; The goblin barely misses you.
The orc hits you but does no damage.
The goblin hits you but does no damage. x2
Robin roars a battlecry!
The goblins go into a battle-frenzy!
You are too berserk!
You sock Robin!
Robin is heavily wounded.
The goblin no longer looks unusually strong. x3
You block the goblin's attack. x2; The goblin hits you but does no damage. x2
You block the orc's attack.
Robin says, "Duck!"
Robin hits you but does no damage. The goblin hits you but does no damage.
You barely miss Robin.
Robin is heavily wounded.
You hit Robin.
Robin is almost dead.
The goblin hits you with a +0 club.
* * * LOW HITPOINT WARNING * * *
The goblin misses you. The orc closely misses you.
The goblin hits you but does no damage. You block the goblin's attack.
The goblin barely misses you.
You hit Robin.
You kill Robin!
You block the goblin's attack. The goblin hits you but does no damage.
The orc closely misses you. You block the goblin's attack.
The goblin hits you but does no damage. The goblin barely misses you.
You sock the quokka!
You kill the quokka!
The goblin hits you with a +0 club.
You die...

..).....<........#..####
......<..........#.##
...................#
..................##
.#.......#..##...##
#.................#
..#...............#
.....####.....)ggg#
........######gg@g#
.....#####)o#o)##
......K.....gl..#
..........g..#.....#
.............#...#..
.............###.# ..
..!..........# ... .
.............# ##..
.............# .


You could see 2 orcs, 7 goblins and a frilled lizard.

Vanquished Creatures
  Robin (D:3)
  A gnoll (D:1)
  2 adders
  A dart slug (D:1)
  2 orcs (D:3)
  3 endoplasms
  A giant cockroach (D:1)
  6 goblins
  4 hobgoblins (D:1)
  A quokka (D:3)
  5 ball pythons
  4 bats
  7 kobolds
  3 rats
41 creatures vanquished.

Notes
Turn   | Place    | Note
-------+----------+-------------------------------------------
     0 | D:1      | Avanven the Gargoyle Fighter began the quest for the Orb.
     0 | D:1      | Reached XP level 1. HP: 14/14 MP: 1/1
    99 | D:1      | Reached skill level 3 in Maces & Flails
    99 | D:1      | Reached XP level 2. HP: 13/19 MP: 2/2
   378 | D:1      | Found a faded altar of an unknown god.
   384 | D:1      | Reached XP level 3. HP: 23/23 MP: 3/3
   818 | D:2      | Identified the +5 spear of Nitt {pain, rF+ rC++ rN+ Stlth-}
   881 | D:2      | Reached skill level 4 in Maces & Flails
  1264 | D:3      | Found Ezym's Assorted Antiques.
  1313 | D:3      | Reached XP level 4. HP: 26/28 MP: 4/4
  1343 | D:3      | Noticed Robin
  1358 | D:3      | HP: 1/28 [goblin/+0 club[Robin] (3)]
  1363 | D:3      | Killed Robin
  1364 | D:3      | Slain by a goblin

Illustrated notes

Levels and vault maps discovered:
D:1:      tarquinn_simple_flora_water_f, layout_rooms,
          shapermc_ecumenical_altar_gd
D:2:      layout_rooms
D:3:      layout_rooms, fiery_altar_vehumet,
          mainiacjoe_overflow_small_starburst, nzn_wu_jian_council_hall,
          serial_shops, shop, nicolae_shop_statue_plus, nicolae_lakefront_shop,
          nicolae_lakefront_shop, nicolae_shop_waterfront,
          minmay_misc_feat_four_crosses, chequers_decorated_corner, uniq_robin

Skill      XL: |  1  2  3 |
---------------+----------+-----
Maces & Flails | 3 4 |  4.6
Fighting       | |  3.2
Armour         | |  3.2
Shields        | |  3.2

Action                   |  1- 3 |  4- 6 || total
-------------------------+-------+-------++-------
Melee: Flail             |    87 |    17 ||   104
  Use: Potion            |       |     2 ||     2
       Scroll            |       |     1 ||     1
Armor: Scale mail        |    55 |    30 ||    85
Dodge: Dodged            |    46 |    30 ||    76
Block: Buckler           |    15 |    15 ||    30
